 Dungeon Crawl Stone Soup version 0.25-a0-474-ga8a2ee3166 (webtiles) character file.

Game seed: 1593176594338743286, levelgen mode: deterministic

65917 Conn the Thaumaturge (level 15, -1/107 HPs)
             Began as an Octopode Wizard on Feb 7, 2020.
             Was an Elder of Sif Muna.
             Slain by an air elemental (9 damage)
             ... on level 1 of the Elven Halls.
             The game lasted 02:29:32 (27631 turns).

Conn the Thaumaturge (Octopode Wizard)             Turns: 27631, Time: 02:29:32

Health: -1/107     AC:  6    Str: 11    XL:     15   Next: 18%
Magic:  26/31      EV: 19    Int: 29    God:    Sif Muna [****..]
Gold:   818        SH: 16    Dex: 11    Spells: 9/38 levels left

rFire    + + .     SeeInvis .   b - +9 quick blade (venom)
rCold    + . .     Gourm    .   F - +3 buckler
rNeg     . . .     Faith    .   M - +2 hat
rPois    .         Spirit   .   n - +3 amulet of reflection
rElec    .         Reflect  +   u - ring of protection from fire
rCorr    .         Harm     .   y - +3 ring of intelligence
MR       +....                  p - +3 ring of protection
Stlth    +++++.....             H - ring of ice
HPRegen  0.27/turn              R - +3 ring of evasion
MPRegen  0.22/turn              S - ring of protection from cold
                                Y - ring of fire
                                X - ring "Qeacs" {EV+3 Int+4}

@: flying (expiring), slowed, very slow
A: almost no armour, stealthy swim, amphibious, 8 rings, constrict 8, large bone
plates 1, camouflage 1, fire resistance 1, gelatinous body 1
a: Channel Magic, Forget Spell, Divine Exegesis, Renounce Religion


You were on level 1 of the Elven Halls.
You worshipped Sif Muna.
Sif Muna was greatly pleased with you.
You were not hungry.

You visited 5 branches of the dungeon, and saw 21 of its levels.
You also visited: Sewer, Bailey and Wizlab.

You collected 2252 gold pieces.
You spent 1434 gold pieces at shops.

Inventory:

Hand Weapons
 b - a +9 quick blade of venom (weapon)
 h - a +0 dagger
 i - a +0 long sword
 l - a +4 dagger of protection
 L - the +6 arbalest "Tikahioc" {elec, +Fly rF++ Str+4 Dex+2}
   (You found it on level 2 of the Lair of Beasts)

   It charges the ammunition it shoots with electricity; occasionally upon a
   hit, such missiles may discharge and cause terrible harm.
   It affects your strength (+4).
   It affects your dexterity (+2).
   It greatly protects you from fire.
   It lets you fly.
 W - the +9 long sword "Haguumil" {vorpal, rF++ rN+ MR-}
   (You bought it in a shop on level 2 of the Orcish Mines)

   It inflicts extra damage upon your enemies.
   It greatly protects you from fire.
   It protects you from negative energy.
   It affects your resistance to hostile enchantments.
Missiles
 s - 92 sling bullets
 w - 36 poisoned darts (quivered)
 K - 79 bolts
 Z - 4 boomerangs of dispersal
Armour
 F - a +3 buckler (worn)
 M - a +2 hat (worn)
Magical Staves
 a - an uncursed staff of conjuration
 U - an uncursed staff of poison
Jewellery
 n - a +3 amulet of reflection (around mantle)
 p - a +3 ring of protection (on tentacle)
 u - a ring of protection from fire (left tentacle)
 y - a +3 ring of intelligence (right tentacle)
 H - a ring of ice (on tentacle)
 R - a +3 ring of evasion (on tentacle)
 S - a ring of protection from cold (on tentacle)
 X - the ring "Qeacs" (on tentacle) {EV+3 Int+4}
   (You bought it in a shop on level 2 of the Orcish Mines)

   [ring of evasion]

   It affects your evasion (+3).
   It affects your intelligence (+4).
 Y - a ring of fire (on tentacle)
Wands
 j - a wand of random effects (34)
 z - a wand of enslavement (7)
 D - a wand of clouds (8)
 E - a wand of flame (32)
 N - a wand of acid (15)
 V - a wand of digging (6)
Scrolls
 d - 5 scrolls of amnesia
 f - 5 scrolls of magic mapping
 o - 11 scrolls of identify
 q - a scroll of immolation
 r - 3 scrolls of fear
 t - 10 scrolls of teleportation
 v - 14 scrolls of remove curse
 A - 5 scrolls of fog
 B - a scroll of holy word
 O - 4 scrolls of enchant armour
Potions
 e - 2 potions of heal wounds
 g - a potion of haste
 k - 2 potions of brilliance
 m - 5 potions of curing
 x - 4 potions of magic
 C - 10 potions of mutation
 G - 5 potions of flight
 I - a potion of berserk rage
 J - 2 potions of might
 T - a potion of agility
Miscellaneous
 P - a lightning rod (4/4)
Comestibles
 c - 26 rations


   Skills:
 + Level 11.4 Fighting
 - Level 8.4(8.5) Short Blades
 + Level 1.3(5.4) Long Blades
 - Level 2.0 Dodging
 - Level 9.1 Stealth
 + Level 9.7 Shields
 + Level 12.1 Spellcasting
 + Level 8.9 Conjurations
 - Level 1.0 Summonings
 - Level 5.0 Translocations
 * Level 7.8 Fire Magic
 - Level 5.6 Poison Magic
 - Level 6.0 Invocations


You had 9 spell levels left.
You knew the following spells:

 Your Spells              Type           Power        Failure   Level  Hunger
a - Magic Dart            Conj           ####         1%          1    None
b - Blink                 Tloc           N/A          1%          2    None
c - Call Imp              Summ           ###.....     3%          2    None
d - Mephitic Cloud        Conj/Pois/Air  #####...     1%          3    None
e - Conjure Flame         Conj/Fire      #######.     1%          3    None
f - Inner Flame           Hex/Fire       ######..     1%          3    None
g - Sticky Flame          Conj/Fire      #######.     1%          4    None
h - Fireball              Conj/Fire      #######...   2%          5    ##.....
i - Starburst             Conj/Fire      #######...   14%         6    ####...

Your spell library contained the following spells:

 Spells                   Type           Power        Failure   Level  Hunger
 Foxfire                  Conj/Fire      ####         1%          1    None
 Sting                    Tmut/Pois      ####         1%          1    None
 Poisonous Vapours        Pois/Air       ####..       1%          2    None
 Olgreb's Toxic Radiance  Pois           ######..     3%          4    None
 Corpse Rot               Necr/Air       N/A          4%          2    None
 Slow                     Hex            ###.....     4%          2    None
 Fulminant Prism          Conj/Hex       #####.....   4%          4    None
 Agony                    Necr           ###.....     63%         5    ##.....
 Yara's Violent Unravell  Hex/Tmut       ###.......   63%         5    ##.....
 Eringya's Noxious Bog    Tmut/Pois      ####......   82%         6    ####...
 Chain Lightning          Conj/Air       #####.....   100%        8    #######
 Discord                  Hex            ###.......   100%        8    #######


Dungeon Overview and Level Annotations

Branches:
Dungeon (11/15)            Temple (1/1) D:6            Lair (6/6) D:11
  Swamp (0/4) Lair:4       Spider (0/4) Lair:3        Slime (0/5) Lair:5
    Orc (2/2) D:11            Elf (1/3) Orc:2         Sewer (visited)
 Bailey (visited)          WizLab (visited)

Altars:
Ashenzari
Cheibriados
Dithmenos
Elyvilon
Fedhas
Gozag
Hepliaklqana
Kikubaaqudgha
Makhleb
Nemelex Xobeh
Okawaru
Qazlal
Ru
Sif Muna
Trog
Uskayaw
Vehumet
Wu Jian
Xom
Yredelemnul
Zin
The Shining One
Jiyva

Shops:
D:6 }   D:8 ?   D:11 (   Orc:2 [(*=(

Annotations:
D:10 exclusion: oklob plant


Innate Abilities, Weirdness & Mutations

You cannot wear most types of armour.
You are very stealthy in the water. (Stealth+)
You are amphibious.
You can wear up to eight rings at the same time.
You can use your tentacles to constrict eight enemies at once.
Your skin changes colour to match your surroundings (Stealth+).
Your rubbery body absorbs attacks. (AC +1, EV +1)
You are partially covered in large bone plates. (SH +4)
Your flesh is heat resistant. (rF+)


Message History

Unknown command.
Unknown command.
Unknown command.
You are engulfed in raging winds.
The winds around the air elemental calm down.
You block the air elemental's attack. The air elemental closely misses you.
The air elemental misses you.
A vortex of raging winds appears around the air elemental!
You block the air elemental's attack. The air elemental hits you!
* * * LOW HITPOINT WARNING * * *
You float gracefully downwards.
The vortex of raging winds lifts you up.
You fly up into the air.
* * * LOW HITPOINT WARNING * * *
The air elemental closely misses you.
You block the air elemental's attack. x2
The air elemental barely misses you. You block the air elemental's attack.
The deep elf archer blinks!
The air elemental hits you!
* * * LOW HITPOINT WARNING * * *
The air elemental barely misses you. The air elemental hits you!
You die...

### ********** ######.##*###
*,,,,,,,,, #..,.....,..#
*##*#,,,****** ##
#.####.####.###.#..,,,,,*** .#*
#§#...§§..#§§#.....,,,,,,,*
..####§#...§§§.#§§......,...,,,**
....##§#..§.§§.#§............,,,,
....##.....8§§EE@#*#.e,,......,,,
.(..#..#...§§§§#E# #.#,......#***
....#..#.(.§§§.#.# #.##.....#* *
....#..#.......#.###'###...#* *
....#..####.####.##...###.#* *
....#..........).#.....###* ****
...#.......###.#........## **,**
##.#.#####.# ##...(......####.,,*
.....## ##.# #...........'.......


You could see 3 air elementals.

Vanquished Creatures
  Jorgrun (Elf:1)
  2 orc warlords
  Nessos (Lair:4)
  A deep elf demonologist (Elf:1)
  Fannar (Lair:1)
  3 hydras
  3 catoblepae (Lair:6)
  A dancing weapon (Elf:1)
  10 death yaks (Lair:6)
  3 two-headed ogres
  A queen ant (D:11)
  2 orc high priests
  4 deep elf knights (Elf:1)
  Nergalle (D:10)
  Pikel (D:4)
  5 deep elf archers (Elf:1)
  A lindwurm (Lair:5)
  6 orc knights
  2 orc sorcerers
  14 deep elf magi (Elf:1)
  A manticore (Lair:6)
  An oklob plant (D:10)
  5 elephants
  3 black mambas
  6 spiny frogs
  Psyche (D:8)
  A torpor snail (Lair:6)
  5 komodo dragons
  A hellwing (Elf:1)
  A hornet (D:9)
  6 trolls
  A merfolk (D:9)
  17 blink frogs
  3 hippogriffs
  6 dream sheep (Lair:5)
  4 redbacks (Lair:3)
  A ynoxinul (WizLab)
  33 yaks
  A basilisk (Lair:6)
  A fire elemental (Elf:1)
  A vampire mosquito (Lair:5)
  2 hungry ghosts (D:11)
  5 wargs
  A swamp worm (Lair:4)
  5 insubstantial wisps
  An acid dragon (D:11)
  7 water moccasins
  2 soldier ants (D:11)
  A porcupine (Lair:4)
  An ice beast (D:11)
  23 orc warriors
  4 slaves (D:4)
  A phantom (D:6)
  A necrophage (D:9)
  3 sky beasts
  5 wolves
  11 ogres
  3 centaurs
  7 crocodiles
  5 big kobolds
  2 gnoll sergeants
  12 bullfrogs
  2 earth elementals (Elf:1)
  2 scorpions
  7 killer bees
  3 howler monkeys
  2 electric eels (D:11)
  4 crimson imps
  2 bullfrog zombies
  2 quasits
  2 centaur skeletons
  5 hounds
  2 jellies
  6 orc priests
  2 bullfrog skeletons
  4 iguanas
  11 orc wizards
  22 worker ants
  2 hound skeletons
  24 gnolls
  2 worker ant zombies
  9 adders
  2 river rats (Sewer)
  2 shadow imps
  3 oozes
  An adder skeleton (D:9)
  A worm (D:3)
  3 dart slugs
  3 leopard geckos
  38 orcs
  5 ball pythons
  4 bats
  8 giant cockroaches
  9 goblins
  19 hobgoblins
  7 jackals
  2 quokkas
  2 frilled lizards
  25 kobolds
  A leopard gecko skeleton (D:4)
  A quokka skeleton (D:5)
  2 quokka zombies
  2 rats
  A fungus (Lair:3)
  2 plants
522 creatures vanquished.

Vanquished Creatures (collateral kills)
  A black mamba (Lair:3)
  2 blink frogs (Lair:3)
  A soldier ant (D:11)
  2 water moccasins
  A bullfrog (Lair:3)
  7 worker ants (D:11)
  An orc (D:11)
15 creatures vanquished.

Vanquished Creatures (others)
  A dancing weapon (Elf:1)
  A deep elf archer (Elf:1)
  A manticore (Lair:6)
  A fire elemental (Elf:1)
  A soldier ant (D:11)
  2 orc warriors (Orc:2)
  A worker ant (D:10)
  2 orcs (Orc:2)
  A hobgoblin (Bailey)
  A kobold (Bailey)
  16 fungi
  14 plants
42 creatures vanquished.

Grand Total: 579 creatures vanquished

Notes
Turn   | Place    | Note
-------+----------+-------------------------------------------
     0 | D:1      | Conn the Octopode Wizard began the quest for the Orb.
     0 | D:1      | Reached XP level 1. HP: 11/11 MP: 4/4
   182 | D:1      | Reached skill level 1 in Fighting
   225 | D:1      | Reached XP level 2. HP: 18/18 MP: 3/6
   437 | D:1      | Reached XP level 3. HP: 11/25 MP: 7/7
   931 | D:1      | Learned a level 2 spell: Blink
   934 | D:1      | Learned a level 2 spell: Call Imp
   938 | D:1      | Learned a level 3 spell: Mephitic Cloud
  1423 | D:2      | Found a hazy altar of Hepliaklqana.
  1665 | D:2      | Reached XP level 4. HP: 31/31 MP: 8/8
  1769 | D:2      | Reached skill level 1 in Poison Magic
  2037 | D:3      | Found a hide-covered altar of Uskayaw.
  2244 | D:3      | Reached XP level 5. HP: 24/36 MP: 9/9
  2950 | D:4      | Reached XP level 6. HP: 28/43 MP: 10/10
  3113 | D:4      | Noticed Pikel
  3113 | D:4      | Noticed a slave
  3113 | D:4      | Noticed a slave
  3113 | D:4      | Noticed a slave
  3113 | D:4      | Noticed a slave
  3125 | D:4      | Killed a slave
  3129 | D:4      | Killed a slave
  3136 | D:4      | Killed a slave
  3146 | D:4      | Killed a slave
  3180 | D:4      | Killed Pikel
  3180 | D:4      | Reached skill level 5 in Poison Magic
  3180 | D:4      | Reached XP level 7. HP: 27/49 MP: 0/11
  3671 | D:4      | Reached skill level 5 in Fighting
  4024 | D:5      | Entered Level 5 of the Dungeon
  4090 | D:5      | Reached skill level 5 in Translocations
  4090 | D:5      | Reached XP level 8. HP: 50/55 MP: 12/12
  5262 | D:6      | Found a sacrificial altar of Ru.
  5288 | D:6      | Reached skill level 4 in Spellcasting
  5305 | D:6      | Reached skill level 1 in Short Blades
  5415 | D:6      | Found a glowing drain.
  5437 | Sewer    | Entered a sewer
  5907 | D:6      | Found Hexurr's Gadget Shop.
  6021 | D:6      | Found a bloodstained altar of Trog.
  6026 | D:6      | Reached XP level 9. HP: 59/62 MP: 16/16
  6081 | D:6      | Reached skill level 5 in Spellcasting
  6258 | D:6      | Found an ornate altar of the Wu Jian Council.
  6406 | D:6      | Found a staircase to the Ecumenical Temple.
  6417 | Temple   | Entered the Ecumenical Temple
  6620 | D:7      | Learned a level 3 spell: Conjure Flame
  6843 | D:7      | Reached skill level 1 in Fire Magic
  6897 | D:7      | Found a flagged portal.
  6954 | Bailey   | Entered a bailey
  6969 | Bailey   | Gained mutation: Your flesh is heat resistant. (rF+)
                  | [potion of mutation]
  6969 | Bailey   | Gained mutation: You are partially covered in large bone
                  | plates. (SH +4) [potion of mutation]
  6971 | Bailey   | Noticed an orc knight
  6989 | Bailey   | Killed an orc knight
  8271 | D:8      | Found Miger's Magic Scroll Emporium.
  8274 | D:8      | Bought a scroll of immolation for 49 gold pieces
  8292 | D:8      | Noticed a two-headed ogre
  8356 | D:8      | Killed a two-headed ogre
  8356 | D:8      | Reached skill level 6 in Spellcasting
  8356 | D:8      | Reached XP level 10. HP: 30/69 MP: 1/19
  8626 | D:8      | Reached skill level 5 in Short Blades
  8643 | D:8      | Noticed Psyche
  8673 | D:8      | Killed Psyche
  8673 | D:8      | Reached skill level 5 in Conjurations
  8692 | D:8      | Learned a level 3 spell: Inner Flame
  8697 | D:8      | Learned a level 4 spell: Sticky Flame
  8752 | D:8      | Reached skill level 7 in Spellcasting
  8845 | D:8      | Found a stormy altar of Qazlal.
  8863 | D:8      | Found a shimmering blue altar of Sif Muna.
  8863 | D:8      | Found a blossoming altar of Fedhas.
  8864 | D:8      | Found a glowing golden altar of the Shining One.
  8871 | D:8      | Became a worshipper of Sif Muna the Loreminder
  9555 | D:8      | Identified a scroll of acquirement
  9555 | D:8      | Identified the amulet "Acastrug" {Gourm rPois Dex+2} (You
                  | acquired it on level 8 of the Dungeon)
  9680 | D:9      | Paralysed by a hornet for 3 turns
  9700 | D:9      | Learned a level 5 spell: Fireball
 10439 | D:9      | Reached * piety under Sif Muna
 10976 | D:9      | Found a sparkling altar of Nemelex Xobeh.
 10977 | D:9      | Found an opulent altar of Gozag.
 11095 | D:10     | Entered Level 10 of the Dungeon
 11147 | D:10     | Noticed Nergalle
 11176 | D:10     | Killed Nergalle
 11176 | D:10     | Reached skill level 1 in Shields
 11304 | D:10     | Reached skill level 8 in Spellcasting
 11332 | D:10     | Found an iron altar of Okawaru.
 11345 | D:10     | Reached XP level 11. HP: 67/75 MP: 5/23
 11560 | D:10     | Found a blossoming altar of Fedhas.
 11562 | D:10     | Noticed an oklob plant
 11562 | D:10     | Noticed an oklob plant
 11569 | D:10     | Killed an oklob plant
 12127 | D:10     | Found a shimmering altar of Xom.
 12307 | D:11     | Found a staircase to the Lair.
 12481 | D:11     | Found a staircase to the Orcish Mines.
 12481 | D:11     | Found Jiozoc's Weapon Shop.
 12517 | D:11     | Noticed a two-headed ogre
 12569 | D:11     | Killed a two-headed ogre
 12569 | D:11     | Reached ** piety under Sif Muna
 12884 | D:11     | Noticed a queen ant
 13129 | D:11     | Reached skill level 9 in Spellcasting
 13308 | D:11     | Killed a queen ant
 13343 | D:11     | HP: 3/77 [poisoned by a queen ant]
 13351 | D:11     | HP: 3/77 [poisoned by a queen ant]
 13879 | Lair:1   | Entered Level 1 of the Lair of Beasts
 13921 | Lair:1   | Reached skill level 5 in Stealth
 14650 | Lair:1   | Noticed Fannar
 14666 | Lair:1   | Killed Fannar
 15753 | Lair:2   | Got a fine arbalest
 15755 | Lair:2   | Identified the +6 arbalest "Tikahioc" {elec, +Fly rF++
                  | Str+4 Dex+2} (You found it on level 2 of the Lair of
                  | Beasts)
 16400 | Lair:2   | Reached XP level 12. HP: 42/82 MP: 7/25
 16746 | Lair:3   | Reached *** piety under Sif Muna
 16761 | Lair:3   | Reached skill level 1 in Invocations
 16772 | Lair:3   | Reached skill level 5 in Fire Magic
 16788 | Lair:3   | HP: 4/83 [poisoned by a redback]
 16793 | Lair:3   | HP: 2/83 [poisoned by a redback]
 16799 | Lair:3   | HP: 2/83 [poisoned by a redback]
 16807 | Lair:3   | HP: 2/83 [poisoned by a redback]
 17699 | Lair:3   | Identified the Reference Book on Venomous Necromancy
 17755 | Lair:3   | Found a hole to the Spider Nest.
 18033 | Lair:4   | Noticed an eight-headed hydra
 18050 | Lair:4   | Killed an eight-headed hydra
 18205 | Lair:4   | Noticed a five-headed hydra
 18251 | Lair:4   | Killed a five-headed hydra
 18270 | Lair:4   | Noticed Nessos
 18289 | Lair:4   | Killed Nessos
 18289 | Lair:4   | Reached skill level 10 in Spellcasting
 18562 | Lair:4   | Found a staircase to the Swamp.
 19212 | Lair:5   | Reached skill level 5 in Shields
 19918 | Lair:5   | Reached XP level 13. HP: 86/90 MP: 24/27
 19965 | Lair:5   | Reached **** piety under Sif Muna
 20231 | Lair:5   | Found a staircase to the Slime Pits.
 20235 | Lair:5   | Found a viscous altar of Jiyva.
 20419 | Lair:6   | Entered Level 6 of the Lair of Beasts
 21357 | Lair:6   | Reached skill level 5 in Invocations
 22137 | Lair:6   | Reached skill level 11 in Spellcasting
 22148 | Lair:6   | Reached XP level 14. HP: 90/98 MP: 27/29
 22411 | Lair:6   | Reached ***** piety under Sif Muna
 22556 | Lair:6   | Reached skill level 10 in Fighting
 22888 | Orc:1    | Entered Level 1 of the Orcish Mines
 22912 | Orc:1    | Identified Sif Muna's Collected Works on Hurtful Hexes (Sif
                  | Muna gifted it to you on level 1 of the Orcish Mines)
 22912 | Orc:1    | Received a gift from Sif Muna
 23060 | Orc:2    | Entered Level 2 of the Orcish Mines
 23150 | Orc:2    | Found Rehilel's Antique Weapon Shoppe.
 23174 | Orc:2    | Noticed an orc warlord
 23652 | Orc:1    | Killed an orc warlord
 24273 | Orc:2    | Bought a pitted long sword for 280 gold pieces
 24333 | Orc:2    | Found a staircase to the Elven Halls.
 24372 | Orc:2    | Found Ofuotas's Jewellery Shoppe.
 24379 | Orc:2    | Bought the ring "Qeacs" {EV+3 Int+4} for 655 gold pieces
 24379 | Orc:2    | Bought an uncursed ring of fire for 450 gold pieces
 24417 | Orc:2    | Noticed an orc warlord
 24428 | Orc:2    | Found Apos's General Store.
 24436 | Orc:2    | Killed an orc warlord
 24754 | Orc:2    | Paralysed by an orc sorcerer for 5 turns
 25137 | Orc:2    | Found Kigaugh's Antique Weapon Shoppe.
 25162 | Orc:2    | Found Vili's Antique Armour Emporium.
 25626 | Orc:1    | Found a bloodstained altar of Trog.
 25974 | Elf:1    | Entered Level 1 of the Elven Halls
 26046 | Elf:1    | Noticed Jorgrun
 26080 | Elf:1    | Killed Jorgrun
 26251 | Elf:1    | Found a magical portal.
 26394 | WizLab   | Learned a level 6 spell: Starburst
 26403 | WizLab   | Identified the +9 long sword "Haguumil" {vorpal, rF++ rN+
                  | MR-} (You bought it in a shop on level 2 of the Orcish
                  | Mines)
 26839 | Elf:1    | Reached XP level 15. HP: 89/107 MP: 30/30
 27096 | Elf:1    | Reached skill level 1 in Long Blades
 27122 | Elf:1    | Reached skill level 12 in Spellcasting
 27631 | Elf:1    | Slain by an air elemental

Levels and vault maps discovered:
D:1:      lemuel_arrival_broad_hall, layout_loops_ring, minivault_5
D:2:      lemuel_upstairs_altar, layout_basic, nicolae_overflow_hidden_temple
D:3:      layout_loops_ring, eat_drink_and_be_merry_uskayaw,
          kennysheep_generic_room_14
D:4:      layout_basic, first_ration, corexii_hall_statues_t, uniq_pikel
D:5:      layout_gridville
D:6:      layout_loops_cross, bloody_trog, nicolae_ru_awakened_eye,
          temple_green, basic_altar, gup_sewer_entry_pipe, serial_shops,
          nicolae_shop_stone, minmay_stone_trees_small
D:7:      layout_basic, enter_bailey_2, enter_ossuary_5
D:8:      layout_layer_cave, grunt_qazlal_clouds,
          gammafunk_temple_overflow_claw, serial_shops,
          nicolae_shop_behind_doors, uniq_psyche
D:9:      layout_irregular_city, grunt_temple_overflow_opulence,
          hangedman_fish_farm, solitary_fountain
D:10:     layout_roguey, basic_altar, hangedman_tree_tricks, okawaru_trees_2,
          uniq_nergalle
D:11:     layout_big_octagon, orc_david_3, zaba_antful_of_joy
Temple:   minmay_temple_bridge_abc
Lair:1:   layout_cave_pods, uniq_fannar
Lair:2:   layout_cave_pods, chequers_serial_rivers_micro_d, hibernation_bobbens,
          infiniplex_staircase_pool
Lair:3:   layout_misc_corridors, spider_nest_entry_funnel_web,
          infiniplex_staircase_pool_2
Lair:4:   layout_roguey, palyth_hydra_swamp_entry, lemuel_fruit_fields,
          lemuel_fruit_tree, uniq_nessos
Lair:5:   layout_roguey, slime_altar_1, eino_small_chamber_without_monster,
          pond, grunt_megastairs_1
Lair:6:   evilmike_catoblepas_cave, layout_regular_city, wad_woods_river_01
Orc:1:    layout_diamond_mine, trog_hazing_becter
Orc:2:    grunt_orc_gardens, layout_caves, grunt_orc_garden, grunt_orc_garden,
          grunt_orc_garden, grunt_orc_garden, serial_shops, shop, rock_pile
Elf:1:    elf_arrival_001, layout_loops_corners, mu_enter_wizlab_5,
          minivault_28, minivault_23, feat_on_display, uniq_jorgrun

Skill      XL: |  1  2  3  4  5  6  7  8  9 10 11 12 13 14 15 |
---------------+----------------------------------------------+-----
Fighting       | 1 2 3 4 5 6 7 8 9 11 | 11.4
Poison Magic   | 2 3 5 |  5.6
Translocations | 2 3 4 5 |  5.0
Spellcasting   | 4 6 8 9 10 11 12 | 12.1
Short Blades   | 2 4 6 7 8 |  8.4
Conjurations   | 2 4 5 6 7 8 |  8.9
Fire Magic     | 2 3 4 6 7 |  7.8
Shields        | 1 3 5 7 9 |  9.7
Stealth        | 6 9 |  9.1
Invocations    | 3 5 6 |  6.0
Long Blades    | 1 |  1.3
Dodging        | |  2.0
Summonings     | |  1.0

Action                   |  1- 3 |  4- 6 |  7- 9 | 10-12 | 13-15 || total
-------------------------+-------+-------+-------+-------+-------++-------
Melee: Unarmed           |    24 |       |       |       |       ||    24
       Constrict         |    19 |    26 |    50 |    95 |    84 ||   274
       Tentacles         |    12 |    21 |    36 |   102 |   201 ||   372
       Dagger            |    49 |   116 |   296 |   313 |       ||   774
       Long sword        |     7 |       |       |       |    42 ||    49
       Quick blade       |       |       |       |   156 |   863 ||  1019
       Staff             |       |       |       |    60 |     4 ||    64
Throw: Dart              |       |     1 |     3 |     3 |       ||     7
 Cast: Magic Dart        |    21 |     5 |    38 |   155 |    34 ||   253
       Mephitic Cloud    |       |     3 |    23 |    74 |    82 ||   182
       Call Imp          |       |       |     2 |     8 |     4 ||    14
       Conjure Flame     |       |       |     1 |     4 |     2 ||     7
       Sticky Flame      |       |       |       |    13 |     4 ||    17
       Blink             |       |       |       |    15 |    17 ||    32
       Inner Flame       |       |       |       |     1 |       ||     1
       Fireball          |       |       |       |    17 |    21 ||    38
Invok: Channel Magic     |       |       |       |     1 |     1 ||     2
Evoke: Wand              |       |       |       |     7 |     2 ||     9
       Lightning rod     |       |       |       |     3 |       ||     3
  Use: Scroll            |     4 |       |    11 |    14 |     4 ||    33
       Potion            |       |     3 |     8 |    12 |     3 ||    26
 Stab: Sleeping          |     5 |     8 |    24 |     6 |     9 ||    52
       Confused          |       |     6 |    10 |    36 |    69 ||   121
       Petrified         |       |       |       |       |     1 ||     1
       Distracted        |       |       |       |       |     1 ||     1
  Eat: Chunk             |     2 |     5 |    13 |    30 |    23 ||    73
       Ration            |       |       |     1 |     4 |     1 ||     6
Armor: Skin              |     7 |    16 |    76 |    67 |    18 ||   184
Dodge: Dodged            |    55 |    41 |   117 |   168 |   138 ||   519
Block: Other             |       |     7 |    20 |       |       ||    27
       Buckler           |       |       |    50 |   187 |   277 ||   514
       Reflection        |       |       |    10 |     5 |    38 ||    53
       Rpst.: Long sword |       |       |       |       |     3 ||     3

Table legend:
 A = Non-vault XP
 B = Vault XP
 C = Vault XP percentage of total XP
 D = Non-vault monster count
 E = Vault monster count
 F = Vault count percentage of total count
                 A         B        C        D         E       F
            +---------+---------+-------+---------+---------+-------
      Total |   51273 |   42895 |  45.6 |     349 |     190 |  35.3
            +---------+---------+-------+---------+---------+-------
        D:1 |      51 |       0 |   0.0 |      19 |       0 |   0.0
        D:2 |      67 |       0 |   0.0 |      12 |       0 |   0.0
        D:3 |     199 |       0 |   0.0 |      21 |       0 |   0.0
        D:4 |     173 |     697 |  80.1 |       8 |       1 |  11.1
        D:5 |     273 |       0 |   0.0 |      17 |       0 |   0.0
        D:6 |     601 |      10 |   1.6 |      15 |       4 |  21.1
        D:7 |     773 |       0 |   0.0 |      15 |       0 |   0.0
        D:8 |    1412 |     424 |  23.1 |      14 |       1 |   6.7
        D:9 |    1457 |     298 |  17.0 |      30 |       1 |   3.2
       D:10 |    1790 |    1316 |  42.4 |      18 |       2 |  10.0
       D:11 |    2198 |    2044 |  48.2 |      11 |      35 |  76.1
     Lair:1 |     719 |    1012 |  58.5 |       2 |       1 |  33.3
     Lair:2 |    1603 |     452 |  22.0 |       9 |       1 |  10.0
     Lair:3 |    1330 |     725 |  35.3 |      11 |       4 |  26.7
     Lair:4 |    1277 |    3672 |  74.2 |       5 |       7 |  58.3
     Lair:5 |    7549 |    1304 |  14.7 |      29 |       7 |  19.4
     Lair:6 |   10038 |   13212 |  56.8 |      40 |      26 |  39.4
      Orc:1 |    3226 |    3341 |  50.9 |      23 |      16 |  41.0
      Orc:2 |    2971 |    6574 |  68.9 |      28 |      21 |  42.9
      Elf:1 |   13566 |    6560 |  32.6 |      22 |       8 |  26.7
      Sewer |       0 |     476 | 100.0 |       0 |      20 | 100.0
     Bailey |       0 |     566 | 100.0 |       0 |      34 | 100.0
     WizLab |       0 |     212 | 100.0 |       0 |       1 | 100.0
            +---------+---------+-------+---------+---------+-------
